 Dungeon Crawl Stone Soup version 0.16-a0-4123-g49b462e (webtiles) character file.

2174 Chiseanne the Thaumaturge (level 9, -2/45 HPs)
             Began as a Gargoyle Necromancer on Mar 2, 2015.
             Was a Believer of Kikubaaqudgha.
             Killed from afar by a centaur (9 damage)
             ... with a wand of fire
             ... on level 6 of the Dungeon.
             The game lasted 00:33:23 (9160 turns).

Chiseanne the Thaumaturge (Gargoyle Necromancer)    Turns: 9160, Time: 00:33:23

Health: -2/45      AC: 11    Str: 13    XL:     9   Next: 32%
Magic:  14/25      EV: 12    Int: 18    God:    Kikubaaqudgha [**....]
Gold:   335        SH:  0    Dex: 10    Spells: 6 memorised, 8 levels left

rFire  + . .     SeeInvis .     a - +3 flail of the Fulmar {crush, +Blink rC+}
rCold  + . .     Clarity  .     C - +0 robe
rNeg   + + .     SustAb   .     (no shield)
rPois  ∞         Gourm    .     v - +1 helmet
rElec  +         Spirit   .     (no cloak)
rCorr  .         Warding  .     j - +1 pair of gloves {archery}
rMut   .         Stasis   .     (no boots)
MR     .....                    (no amulet)
Stlth  ++........               t - ring of protection from fire
                                f - ring of positive energy

@: not resistant to hostile enchantments, unstealthy
A: negative energy resistance 1, electricity resistance, unbreathing,
petrification resistance, rot immunity, AC +5
a: Receive Corpses, Renounce Religion, Evoke Blink


You were on level 6 of the Dungeon.
You worshipped Kikubaaqudgha.
Kikubaaqudgha was pleased with you.
You were not hungry.

You visited 2 branches of the dungeon, and saw 7 of its levels.
You also visited: Sewer.

You collected 335 gold pieces.

Inventory:

Hand weapons
 a - the +3 flail of the Fulmar (weapon) {crush, +Blink rC+}
   (You found it on level 5 of the Dungeon)

   It inflicts extra damage upon your enemies.
   It protects you from cold.
   It lets you blink.
Missiles
 c - a throwing net
 u - 5 tomahawks (quivered)
 G - 2 javelins
 J - 16 poisoned needles
Armour
 j - a +1 pair of gloves of archery (worn)
 v - a +1 helmet (worn)
 C - a +0 robe (worn)
Jewellery
 f - a ring of positive energy (left hand)
 t - a ring of protection from fire (right hand)
 y - an uncursed ring of flight
 H - an uncursed ring of sustain abilities
Magical devices
 s - a wand of disintegration (3)
 D - a wand of cold (0)
Scrolls
 d - a scroll of teleportation
 e - 2 scrolls of recharging
 r - 5 scrolls of remove curse
 F - 2 scrolls of immolation
Potions
 g - 4 potions of brilliance
 h - 4 potions of flight
 k - 2 potions of might
 l - 7 potions of curing
 m - a potion of invisibility {unknown}
 p - 2 potions of magic
 q - 2 potions of heal wounds
 w - a potion of ambrosia {unknown}
 z - 2 potions of berserk rage {unknown}
 A - a potion of restore abilities {unknown}
 B - a potion of degeneration {unknown}
Books
 b - a book of Necromancy

   Spells                             Type                      Level
   a - Pain                           Necromancy                   1
   b - Animate Skeleton               Necromancy                   1
   c - Vampiric Draining              Necromancy                   3
   d - Regeneration                   Charms/Necromancy            3
   e - Animate Dead                   Necromancy                   4
   f - Control Undead                 Necromancy                   4
 x - Kikubaaqudgha's Tome of Dark Magic {god gift}
   (Kikubaaqudgha gifted it to you on level 4 of the Dungeon)

   Spells                             Type                      Level
   a - Animate Skeleton               Necromancy                   1
   b - Pain                           Necromancy                   1
   c - Corpse Rot                     Necromancy                   2
   d - Vampiric Draining              Necromancy                   3
   e - Control Undead                 Necromancy                   4
Comestibles
 i - 2 meat rations
 n - 3 bread rations
 o - 2 slices of pizza
 E - a royal jelly
 I - 4 chunks of flesh


   Skills:
 - Level 1.5 Dodging
 - Level 2.1 Stealth
 * Level 8.2 Spellcasting
 * Level 7.8 Necromancy


You had 8 spell levels left.
You knew the following spells:

 Your Spells              Type           Power        Failure   Level  Hunger
a - Pain                  Necr           ####         1%          1    None
b - Animate Skeleton      Necr           N/A          1%          1    None
c - Vampiric Draining     Necr           #####.....   1%          3    #......
d - Regeneration          Chrm/Necr      ###.......   10%         3    #......
e - Animate Dead          Necr           N/A          4%          4    ###....
f - Control Undead        Necr           #####.....   4%          4    ###....


Dungeon Overview and Level Annotations

Branches:
Dungeon (6/15)             Temple (1/1) D:4

Altars:
Ashenzari
Cheibriados
Dithmenos
Elyvilon
Fedhas
Gozag
Kikubaaqudgha
Makhleb
Nemelex Xobeh
Okawaru
Qazlal
Ru
Sif Muna
Trog
Vehumet
Xom
Yredelemnul
Zin
The Shining One

Annotations:
D:3 Sigmund


Innate Abilities, Weirdness & Mutations

You are resistant to torment.
You are immune to poison.
Your stone body is very resilient (AC +5).
You resist negative energy.
You are resistant to electric shocks.
You can survive without breathing.
You are immune to petrification.
You are immune to rotting.


Message History

Kikubaaqudgha accepts your kill.
You feel life coursing into your body. Something hits you but does no damage.
The centaur shoots an arrow.
The arrow hits you. The gnoll closely misses you.
You barely miss something. Something hits you!
The centaur shoots an arrow.
The arrow hits your centaur skeleton.
The gnoll hits you from afar with a halberd of flaming!
* * * LOW HITPOINT WARNING * * *
The gnoll burns you.
* * * LOW HITPOINT WARNING * * *
The centaur zaps a wand.
The bolt of fire hits your centaur skeleton.
The bolt of fire hits you! You resist.
* * * LOW HITPOINT WARNING * * *
Your centaur skeleton hits the centaur.
Something hits your centaur skeleton.
The centaur zaps a wand.
The bolt of fire hits your centaur skeleton.
Your centaur skeleton is destroyed!
The bolt of fire hits you! You resist.
You die...
Kikubaaqudgha rasps: "You have failed me!
Welcome... oblivion!"

.P♣PPP♣....♣♣♣ P..♣
.PPPPP#')'############
♣P♣♣♣P#...#..........#
P♣#####)>)#.?........#
P♣#...#...# ..!......#
P♣#...#...# .c.g...
PP#...#'########(Z####....
..#...'((..))....(...'....
..#...'.).))))..@.(..'....
#########################


You could see a centaur, a gnoll and a friendly kobold zombie.

Vanquished Creatures
  Pikel (D:4)
  A wyvern (D:6)
  2 slaves (D:4)
  2 orc warriors (D:6)
  4 centaurs (D:6)
  2 ogres
  A big kobold (D:5)
  A gnoll sergeant (D:6)
  A crimson imp (D:6)
  2 orc priests
  A jelly (D:6)
  3 hounds
  2 orc wizards
  2 iguanas (D:4)
  A gnoll shaman (D:6)
  A worker ant (D:6)
  A merfolk avatar (Sewer)
  Jessica (D:3)
  Robin (D:4)
  16 gnolls
  8 adders
  3 river rats (Sewer)
  2 giant mites
  2 worms
  A shadow imp (D:6)
  3 giant geckos
  7 orcs
  Natasha (D:5)
  8 ball pythons
  6 bats
  7 giant cockroaches
  13 goblins
  15 hobgoblins
  10 kobolds
  7 giant newts
  4 jackals (D:4)
  3 quokkas
  30 rats
176 creatures vanquished.

Vanquished Creatures (collateral kills)
  A big kobold (D:6)
  2 hounds (D:6)
  A goliath beetle (D:6)
  A siren (Sewer)
  4 adders
  A giant mite (Sewer)
  3 gnolls (D:6)
  A giant gecko (D:4)
  4 orcs
  A bat (D:3)
  2 goblins
  3 hobgoblins
  A quokka (D:3)
  A ball python (Sewer)
  A giant newt (D:1)
  2 kobolds
  3 rats (Sewer)
32 creatures vanquished.

Vanquished Creatures (others)
  A centaur zombie (D:6)
  A centaur skeleton (D:6)
  Natasha (twice) (D:5)
  17 drowned souls (Sewer)
  2 big kobold zombies
  2 hound zombies (D:6)
  An adder zombie (D:5)
  3 adder skeletons (D:3)
  3 bat skeletons
  7 gnoll zombies
  2 ball python skeletons
  2 ball python zombies
  A giant cockroach zombie (D:4)
  2 giant gecko skeletons
  A giant newt skeleton (Sewer)
  A gnoll skeleton (D:6)
  A goblin skeleton (D:1)
  2 goblin zombies (D:4)
  2 hobgoblin skeletons
  4 hobgoblin zombies
  3 jackal zombies (D:4)
  A kobold skeleton (D:3)
  A kobold zombie (D:5)
  3 orc zombies (D:4)
  A quokka skeleton (D:4)
  A quokka zombie (D:6)
  6 rat skeletons
  2 rat zombies
75 creatures vanquished.

Grand Total: 283 creatures vanquished

Notes
Turn   | Place    | Note
--------------------------------------------------------------
     0 | D:1      | Chiseanne, the Gargoyle Necromancer, began the quest for the Orb.
     0 | D:1      | Reached XP level 1. HP: 10/10 MP: 3/3
    32 | D:1      | Learned a level 1 spell: Animate Skeleton
   340 | D:1      | Reached XP level 2. HP: 10/15 MP: 1/4
  1393 | D:2      | Reached XP level 3. HP: 17/19 MP: 3/6
  1446 | D:2      | Learned a level 3 spell: Vampiric Draining
  2658 | D:2      | Reached skill level 4 in Necromancy
  2658 | D:2      | Reached XP level 4. HP: 21/24 MP: 3/9
  3352 | D:3      | Noticed Jessica
  3357 | D:3      | Killed Jessica
  3357 | D:3      | Reached XP level 5. HP: 25/28 MP: 6/11
  3465 | D:3      | Found a glowing drain.
  3473 | Sewer    | Entered a sewer
  3709 | Sewer    | Learned a level 3 spell: Regeneration
  4133 | Sewer    | Learned a level 4 spell: Animate Dead
  4373 | Sewer    | Noticed a drowned soul
  4375 | Sewer    | Noticed a drowned soul
  4376 | Sewer    | Noticed a drowned soul
  4376 | Sewer    | Killed a drowned soul
  4377 | Sewer    | Noticed a drowned soul
  4378 | Sewer    | Noticed a drowned soul
  4378 | Sewer    | Killed a drowned soul
  4379 | Sewer    | Killed a drowned soul
  4381 | Sewer    | Killed a drowned soul
  4382 | Sewer    | Noticed a drowned soul
  4382 | Sewer    | Noticed a drowned soul
  4386 | Sewer    | Killed a drowned soul
  4391 | Sewer    | Killed a drowned soul
  4407 | Sewer    | Killed a drowned soul
  4413 | Sewer    | Killed a drowned soul
  4429 | Sewer    | Killed a drowned soul
  4434 | Sewer    | Killed a drowned soul
  4440 | Sewer    | Killed a drowned soul
  4440 | Sewer    | Killed a drowned soul
  4450 | Sewer    | Killed a drowned soul
  4470 | Sewer    | Killed a drowned soul
  4474 | Sewer    | Killed a drowned soul
  4484 | Sewer    | Killed a drowned soul
  4498 | Sewer    | Killed a drowned soul
  4698 | Sewer    | Noticed a drowned soul
  4701 | Sewer    | Noticed a drowned soul
  4701 | Sewer    | Noticed a drowned soul
  4705 | Sewer    | Reached XP level 6. HP: 30/32 MP: 1/15
  5126 | D:3      | Noticed Sigmund
  5205 | D:4      | Reached skill level 5 in Necromancy
  5567 | D:4      | Reached skill level 5 in Spellcasting
  5567 | D:4      | Reached XP level 7. HP: 32/36 MP: 12/18
  5738 | D:4      | Found a staircase to the Ecumenical Temple.
  5752 | Temple   | Entered the Ecumenical Temple
  5860 | Temple   | Became a worshipper of Kikubaaqudgha
  5884 | D:4      | Noticed Robin
  5894 | D:4      | Killed Robin
  6286 | D:4      | Acquired Kikubaaqudgha's first power
  6286 | D:4      | Received a gift from Kikubaaqudgha
  6292 | D:4      | Identified Kikubaaqudgha's Tome of Dark Magic {god gift} (Kikubaaqudgha gifted it to you on level 4 of the Dungeon)
  6312 | D:4      | Your ally Robin died
  6649 | D:5      | Entered Level 5 of the Dungeon
  6700 | D:5      | Noticed Pikel
  6705 | D:5      | Got a translucent flail
  6975 | D:4      | Killed Pikel
  6975 | D:4      | Reached skill level 6 in Spellcasting
  6975 | D:4      | Reached XP level 8. HP: 39/41 MP: 7/21
  6986 | D:4      | Identified the cursed +3 flail of the Fulmar {crush, +Blink rC+} (You found it on level 5 of the Dungeon)
  7263 | D:5      | Killed Natasha
  7385 | D:5      | Killed Natasha
  7486 | D:5      | Noticed Natasha
  7493 | D:5      | Killed Natasha
  8040 | D:6      | Found a burning altar of Makhleb.
  8222 | D:6      | Reached skill level 7 in Spellcasting
  8315 | D:6      | Learned a level 4 spell: Control Undead
  8641 | D:6      | Reached XP level 9. HP: 29/45 MP: 10/24
  8653 | D:6      | Acquired Kikubaaqudgha's second power
  8900 | D:6      | Reached skill level 8 in Spellcasting
  9160 | D:6      | Killed from afar by a centaur

Action                   |  1- 3 |  4- 6 |  7- 9 || total
-------------------------+-------+-------+-------++-------
Melee: Unarmed           |     3 |       |       ||     3
       Whip              |     9 |       |       ||     9
       Trident           |       |    13 |    14 ||    27
       Flail             |       |       |    23 ||    23
Throw: Tomahawk          |       |       |     1 ||     1
 Cast: Pain              |    60 |   143 |   150 ||   353
       Animate Skeleton  |    14 |    35 |    10 ||    59
       Vampiric Draining |       |     7 |    36 ||    43
       Animate Dead      |       |     4 |    22 ||    26
       Regeneration      |       |       |     2 ||     2
Evoke: Wand              |       |     4 |       ||     4
  Use: Scroll            |     5 |     3 |     8 ||    16
       Potion            |       |     1 |       ||     1
  Eat: Chunk             |     2 |    10 |    16 ||    28
       Bread ration      |     1 |       |       ||     1
